 Dungeon Crawl Stone Soup version 0.23.0 (webtiles) character file.

Game seed: 4712779363764524906

179 Trogdor the Bolt Thrower (level 5, -2/40 HPs)
             Began as a Minotaur Arcane Marksman on Feb 22, 2019.
             Was an Initiate of Ashenzari.
             Slain by a hippogriff (9 damage)
             ... on level 3 of the Dungeon on Feb 24, 2019.
             The game lasted 00:37:03 (2725 turns).

Trogdor the Bolt Thrower (Minotaur Arcane Marksman) Turns: 2725, Time: 00:37:04

Health: -2/40      AC:  2    Str: 20    XL:     5   Next: 33%
Magic:  7/7        EV: 12    Int: 10    God:    Ashenzari [......]
Gold:   110        SH:  0    Dex: 11    Spells: 1/8 levels left

rFire    . . .     SeeInvis .   k - +2 dagger (vamp)
rCold    . . .     Gourm    .   (no shield)
rNeg     . . .     Faith    .   e - +0 robe (curse)
rPois    .         Spirit   .   (helmet restricted)
rElec    .         Reflect  .   (no cloak)
rCorr    .         Harm     .   (no gloves)
MR       .....                  (no boots)
Stlth    +.........             b - amulet of regeneration (curse)
HPRegen  0.53/turn              (no ring)
MPRegen  0.10/turn              (no ring)

@: mighty
A: retaliatory headbutt, horns 2
a: Curse Item, Renounce Religion


You were on level 3 of the Dungeon.
You worshipped Ashenzari.
Ashenzari was noncommittal.
You were not hungry.

You visited 1 branch of the dungeon, and saw 3 of its levels.

You collected 110 gold pieces.

Inventory:

Hand Weapons
 a - a +0 hand crossbow
 i - a +0 whip
 k - a +2 vampiric dagger (weapon)
Missiles
 h - 2 bolts
 m - 17 poisoned needles
Armour
 e - a cursed +0 robe (worn)
Jewellery
 b - a cursed amulet of regeneration (around neck)
Wands
 l - a wand of iceblast (9)
Scrolls
 n - 2 scrolls of magic mapping
 q - a scroll of noise {unknown}
Potions
 c - a potion of flight
 g - a potion of cancellation {unknown}
 j - a potion of degeneration {unknown}
 o - a potion of curing
Comestibles
 d - 2 chunks of flesh
 f - 4 rations


   Skills:
 - Level 1.2 Fighting
 + Level 4.2 Crossbows
 - Level 2.1 Dodging
 + Level 2.0 Spellcasting
 + Level 2.9 Hexes


You had one spell level left.
You knew the following spells:

 Your Spells              Type           Power        Failure   Level  Hunger
a - Corona                Hex            #......      10%         1    ##.....
b - Slow                  Hex            #.......     14%         2    ###....
c - Cause Fear            Hex            #.........   67%         4    #####..

Your spell library contained the following spells:

 Spells                   Type           Power        Failure   Level  Hunger
 Inner Flame              Hex/Fire       #.......     45%         3    ####...
 Portal Projectile        Hex/Tloc       #.....       45%         3    ####...
 Leda's Liquefaction      Hex/Erth       #.........   86%         4    #####..


Dungeon Overview and Level Annotations

Branches:
Dungeon (3/15)

Altars:
Ashenzari
Xom

Annotations:
D:3 Sigmund


Innate Abilities, Weirdness & Mutations

You reflexively headbutt those who attack you in melee.
You have a pair of horns on your head.


Message History

It was a potion of might.
You feel very mighty all of a sudden. The hippogriff bites you.
The hippogriff pecks you.
* * * LOW HITPOINT WARNING * * *
The hippogriff claws you but does no damage.
You hit the hippogriff.
You feel better.
Your headbutt misses the hippogriff.
The hippogriff is severely wounded.
The hippogriff closely misses you. The hippogriff barely misses you.
The hippogriff claws you.
* * * LOW HITPOINT WARNING * * *
You barely miss the hippogriff.
The hippogriff is severely wounded.
The hippogriff bites you.
* * * LOW HITPOINT WARNING * * *
The hippogriff closely misses you. The hippogriff claws you.
* * * LOW HITPOINT WARNING * * *
You hit the hippogriff.
The hippogriff is almost dead.
The hippogriff bites you!
You die...

#([.....#.##...
#######.........##...
...............(.H...
#########......#.(##<##
#≈≈.≈≈#.................##...
#≈...≈######...H..(..##.##...
#≈...≈# #.##########.##...
#≈...≈# #H# #.##...
#####≈♣.♣≈######@# #.##...
≈≈≈≈≈≈♣.♣≈≈≈≈≈≈#.# #..#...
≈...♣♣⌠.⌠♣♣...≈#.# ##.#...
...............'.# #.#.##
≈...♣♣⌠.⌠♣♣...≈### #...#
≈≈≈≈≈≈♣.♣≈≈≈≈≈≈# ##..#
#####≈♣.♣≈###### #..# #≈...≈#
##.# #≈.[.≈# #.#


You could see a hippogriff.

Vanquished Creatures
  A howler monkey (D:2)
  Jessica (D:3)
  Terence (D:3)
  An adder (D:2)
  An ooze (D:3)
  4 dart slugs
  2 leopard geckos (D:2)
  An orc (D:3)
  3 giant cockroaches
  7 goblins
  10 hobgoblins
  6 jackals
  6 kobolds
  2 quokkas (D:3)
  6 bats
  4 frilled lizards
  6 rats
62 creatures vanquished.

Notes
Turn   | Place    | Note
-------+----------+-------------------------------------------
     0 | D:1      | Trogdor the Minotaur Arcane Marksman began the quest for
                  | the Orb.
     0 | D:1      | Reached XP level 1. HP: 16/16 MP: 1/1
   102 | D:1      | Reached XP level 2. HP: 23/23 MP: 0/2
   122 | D:1      | Learned a level 2 spell: Slow
   433 | D:1      | Reached skill level 3 in Crossbows
   510 | D:1      | Reached XP level 3. HP: 28/28 MP: 3/3
   961 | D:2      | Found a shimmering altar of Xom.
   961 | D:2      | Found a shimmering altar of Xom.
  1395 | D:2      | Found a shattered altar of Ashenzari.
  1672 | D:2      | Became a worshipper of Ashenzari the Shackled
  1905 | D:3      | Reached XP level 4. HP: 32/35 MP: 3/5
  1918 | D:3      | Noticed Sigmund
  2005 | D:3      | Noticed a hippogriff
  2095 | D:3      | Noticed Terence
  2103 | D:3      | Killed Terence
  2179 | D:3      | Noticed Jessica
  2192 | D:3      | Killed Jessica
  2268 | D:2      | Reached skill level 4 in Crossbows
  2268 | D:2      | Reached XP level 5. HP: 26/40 MP: 1/6
  2318 | D:2      | Learned a level 4 spell: Cause Fear
  2725 | D:3      | Slain by a hippogriff

Skill      XL: |  1  2  3  4  5 |
---------------+----------------+-----
Crossbows      | 3 4 |  4.2
Spellcasting   | 2 |  2.0
Fighting       | |  1.2
Dodging        | |  2.1
Hexes          | |  2.9

Action                   |  1- 3 |  4- 6 || total
-------------------------+-------+-------++-------
Melee: Whip              |    42 |    12 ||    54
       Headbutt          |     8 |     4 ||    12
       Dagger            |    18 |    15 ||    33
       Hand crossbow     |       |     1 ||     1
 Fire: Hand crossbow     |    60 |    21 ||    81
 Cast: Corona            |    28 |    13 ||    41
       Slow              |       |     1 ||     1
Invok: Curse Item        |     1 |     1 ||     2
Evoke: Wand              |       |     2 ||     2
  Use: Scroll            |     3 |       ||     3
       Potion            |     2 |     2 ||     4
  Eat: Chunk             |     4 |       ||     4
       Ration            |     2 |     2 ||     4
Armor: Robe              |     8 |     7 ||    15
Dodge: Dodged            |    56 |    38 ||    94
